 Dungeon Crawl Stone Soup version 0.30.1-11-g7821555f0a (webtiles) character file.

Game seed: 8140756912951422511

12822 Woods the Thaumaturge (level 12, -5/91 HPs)
             Began as a Djinni Conjurer on Oct 27, 2023.
             Was an Initiate of Ashenzari.
             Hit by a large rock thrown by a cyclops (23 damage)
             ... on level 12 of the Dungeon.
             The game lasted 00:36:10 (15022 turns).

Woods the Thaumaturge (Djinni Conjurer)            Turns: 15022, Time: 00:36:11

Health: -5/91      AC:  7    Str:  8    XL:     12   Next: 25%
Gold:   620        EV: 14    Int: 23    God:    Ashenzari [......] SH:  0 Dex: 12

rFire   + + .        k - staff of conjuration
rCold   . . .        (no shield)
rNeg    . . .        C - +0 steam dragon scales
rPois   ∞            (no helmet)
rElec   .            E - +1 cloak of the Revealing Welkin {Fort, Self} (curse)
rCorr   .            (no gloves)
SInv    .            (boots unavailable)
Will    +....        (no amulet)
Stlth   +++          d - ring of protection from cold
HPRegen 0.35/turn    I - ring of wizardry
MPRegen 0.00/turn

%: wizardry (x1), infuse magic (-6 HP)
@: flying
A: sickness immunity, fire resistance 2, cold vulnerability 1, float, innate
caster, HP casting, extra vitality 1
a: Renounce Religion, Curse Item, Shatter the Chains


You were on level 12 of the Dungeon.
You worshipped Ashenzari.
Ashenzari was noncommittal.
You visited 2 branches of the dungeon, and saw 13 of its levels.

You collected 620 gold pieces.

Inventory:

Missiles
 D - 2 throwing nets
Armour
 a - a +0 robe
 B - a +0 cloak
 C - +0 steam dragon scales (worn)
 E - the cursed +1 cloak of the Revealing Welkin (worn) {Fort, Self}
   (You found it on level 9 of the Dungeon)

   It has a curse which improves the following skills: Fortitude: Armour and
   Shields.
   Introspection: Fighting and Spellcasting.
 K - a +0 troll leather armour
Magical Staves
 k - a staff of conjuration (weapon)
Jewellery
 d - a ring of protection from cold (left hand)
 I - a ring of wizardry (right hand)
Wands
 g - a wand of iceblast (14)
 H - a wand of paralysis (5)
 N - a wand of quicksilver (8)
Scrolls
 i - 5 scrolls of teleportation
 j - 2 scrolls of silence
 m - a scroll of poison {unknown}
 n - 3 scrolls of magic mapping {unknown}
 r - 3 scrolls of enchant weapon
 s - 3 scrolls of immolation {unknown}
 t - 2 scrolls of fear {unknown}
 v - 4 scrolls of noise {unknown}
 w - 5 scrolls of fog {unknown}
 y - a scroll of blinking {unknown}
 F - 3 scrolls of vulnerability {unknown}
 G - a scroll of summoning {unknown}
 M - a scroll of identify
Potions
 b - a potion of ambrosia {unknown}
 c - 2 potions of heal wounds {unknown}
 e - 6 potions of lignification
 f - 6 potions of attraction
 h - 4 potions of invisibility
 l - 2 potions of mutation {unknown}
 o - 3 potions of berserk rage
 p - 4 potions of curing
 q - a potion of magic {unknown}
 u - 3 potions of haste
 x - a potion of resistance {unknown}
 z - 4 potions of might {unknown}
 A - a potion of degeneration {unknown}
 J - 2 potions of flight {unknown}
 L - a potion of brilliance {unknown}


   Skills:
 + Level 9.3(9.7) Fighting
 + Level 7.2 Dodging
 + Level 7.5 Stealth
 + Level 10.6(11.0) Spellcasting


You knew the following spells:

 Your Spells              Type           Power      Damage    Failure   Level
a - Magic Dart            Conj           100%       1d8       1%          1
b - Searing Ray           Conj           100%       2d8       1%          2
c - Dazzling Flash        Conj/Hex       100%       N/A       1%          3
d - Fulminant Prism       Conj/Hex       38%        3d17      1%          4
e - Iskenderun's Mystic   Conj/Tloc      76%        2d15      1%          4
f - Shock                 Conj/Air       100%       1d9       1%          1
g - Scorch                Fire           100%       2d9       1%          2
h - Confusing Touch       Hex            59%        N/A       1%          3
i - Animate Armour        Summ/Erth      100%       N/A       1%          4
j - Arcjolt               Conj/Air       38%        1d48      1%          5
Your spell library was empty.

Dungeon Overview and Level Annotations

Branches:
Dungeon (12/15)            Temple (1/1) D:4            Lair (0/5) D:10
    Orc (0/2) D:11

Altars:
Ashenzari
Cheibriados
Dithmenos
Elyvilon
Fedhas
Gozag
Hepliaklqana
Makhleb
Nemelex Xobeh
Okawaru
Qazlal
Ru
Trog
Uskayaw
Wu Jian
Xom
Yredelemnul
Zin
The Shining One
Lugonu

Shops:
D:11 (

Portals:
Trove: D:11 (give 6 scrolls of fog)

Annotations:
D:6 1 runed translucent door, Maggie; Nonny's ghost, amateur GrCA
D:7 2 runed translucent doors, NitroDragon903's ghost, novice GnSu
D:10 exclusion: downstairs
D:12 1 transporter, exclusion: ice statue, Cheops's ghost, journeyman OgIE


Innate Abilities, Weirdness & Mutations

You are immune to sickness and miasma.
You are immune to poison.
Your flesh is very heat resistant. (rF++)
You are vulnerable to cold. (rC-)
You float through the air rather than walking.
You learn spells naturally, not from books.
Your magical power is your life essence.
You have superior vitality. (+4 MHP)


Message History

You destroy the vampire mosquito!
Casting: Fulminant Prism (safe; 1% risk of failure)
Confirm with . or Enter, or press ? or * to list all spells.
Aiming: Searing Ray (safe; 1% risk of failure)
Press: ? - help, Shift-Dir - straight line, f - vampire mosquito
Aim: a vampire mosquito (ally target, 72% to hit)
You feel a surge of power!
The searing ray hits the vampire mosquito!
The vampire mosquito is heavily damaged. (Press . to maintain the ray.)
Your animated steam dragon scales disappears in a puff of smoke!
The vampire mosquito bites you but does no damage.
The vampire mosquito barely misses you.
The searing ray misses the vampire mosquito. x2
The vampire mosquito barely misses you.
The searing ray hits the vampire mosquito!
The vampire mosquito is severely damaged.
The vampire mosquito bites you!
The vampire mosquito bites you but does no damage.
The vampire mosquito closely misses you.
The vampire mosquito barely misses you.
The vampire mosquito attacks as you move away!
The vampire mosquito bites you but does no damage. x2
The vampire mosquito attacks as you move away!
The vampire mosquito bites you but does no damage.
The cyclops throws a large rock.
The large rock hits you!!
The vampire mosquito attacks as you move away!
The vampire mosquito bites you!
* * * LOW HITPOINT WARNING * * *
The vampire mosquito barely misses you.
Casting: Searing Ray (safe; 1% risk of failure)
Confirm with . or Enter, or press ? or * to list all spells.
You feel a surge of power!
You erupt in a blast of force!
The mystic blast hits the vampire mosquito!
You destroy the vampire mosquito!
The mystic blast hits the vampire mosquito!
You destroy the vampire mosquito!
* * * LOW HITPOINT WARNING * * *
The cyclops throws a large rock.
The large rock hits you!!
You die...

....# #.. ..... ....#
##..######...... .. .<..#
..#.................. ....#
...# #........... ...##.
)...#l...# +.........###..##~$
......P..# #.........#...##8..
..<.l†.# #..<..)...#..##~~#.
§....### ###.....[....)##..~.#
.§§.............@......#l#..##
...............)......©#c#..#W
.......................#u#l.##
.......................##yV..#
.............########...##.~#.
.....######.. #....# 8~. #..
#..C..##~. # #......# .
#....†..#


You could see a cyclops.

Vanquished Creatures
  Harold (D:11)
  Nergalle (D:11)
  A gargoyle (D:12)
  2 unseen horrors (D:11)
  2 trolls
  A polar bear (shapeshifter) (D:10)
  2 hornets
  A wraith (D:9)
  21 yaks
  Grum (D:10)
  2 steam dragons
  3 vampire mosquitoes (D:12)
  3 wargs (D:10)
  3 water moccasins
  2 acid dragons
  6 orc warriors
  A black bear (D:7)
  3 centaurs
  An ogre (D:6)
  2 wolves (D:10)
  5 kobold brigands
  4 bullfrogs
  2 gnoll sergeants
  4 scorpions
  20 wights
  6 killer bees (D:9)
  An electric eel (D:9)
  5 crimson imps
  3 hounds
  2 jellies
  2 gnoll boudas (D:7)
  6 orc priests
  9 iguanas
  A sleepcap (D:4)
  10 orc wizards
  17 gnolls
  6 adders
  3 shadow imps
  2 white imps (D:7)
  An ufetubus (D:6)
  4 worms
  3 dart slugs
  38 orcs
  9 endoplasms
  6 giant cockroaches
  10 goblins
  8 hobgoblins
  7 jackals
  4 quokkas
  5 ball pythons
  A bat (D:3)
  2 frilled lizards
  20 kobolds
  2 rats (D:3)
287 creatures vanquished.

Vanquished Creatures (collateral kills)
  A water elemental (D:11)
  A wraith (D:9)
  A gnoll sergeant (D:9)
  2 gnolls (D:9)
  An orc (D:8)
  A kobold (D:11)
7 creatures vanquished.

Vanquished Creatures (others)
  65 fulminant prisms
65 creatures vanquished.

Grand Total: 359 creatures vanquished

Notes
Turn   | Place    | Note
-------+----------+-------------------------------------------
     0 | D:1      | Woods the Djinni Conjurer began the quest for the Orb.
     0 | D:1      | Woods set off with the following spells memorised: Magic
                  | Dart, Searing Ray, Dazzling Flash, Fulminant Prism,
                  | Iskenderun's Mystic Blast.
     0 | D:1      | Reached XP level 1. HP: 15/15 MP: 0/0
   369 | D:1      | Reached XP level 2. HP: 17/21 MP: 0/0
   819 | D:2      | Reached XP level 3. HP: 22/25 MP: 0/0
   819 | D:2      | Learned a level 1 spell: Shock
  1055 | D:2      | Reached XP level 4. HP: 29/31 MP: 0/0
  1866 | D:3      | Reached XP level 5. HP: 30/35 MP: 0/0
  1866 | D:3      | Learned a level 2 spell: Scorch
  1943 | D:3      | Found an ornate altar of the Wu Jian Council.
  2041 | D:3      | Found a faded altar of an unknown god.
  2585 | D:3      | Found a shimmering altar of Xom.
  2593 | D:3      | Reached skill level 4 in Spellcasting
  2596 | D:3      | Reached XP level 6. HP: 30/40 MP: 0/0
  3274 | D:4      | Reached XP level 7. HP: 39/46 MP: 0/0
  3274 | D:4      | Learned a level 3 spell: Confusing Touch
  3426 | D:4      | Found a staircase to the Ecumenical Temple.
  3440 | Temple   | Entered the Ecumenical Temple
  3616 | D:4      | Found a burning altar of Makhleb.
  3798 | D:4      | Reached skill level 1 in Fighting
  4064 | D:4      | Found a sacrificial altar of Ru.
  4065 | D:4      | Found a hide-covered altar of Uskayaw.
  4065 | D:4      | Identified the +3 scale mail "Vousoptu" {rF+ rCorr}
  4575 | D:5      | Entered Level 5 of the Dungeon
  4587 | D:4      | Reached skill level 5 in Dodging
  4664 | D:5      | Reached XP level 8. HP: 42/53 MP: 0/0
  4812 | D:5      | Reached skill level 5 in Spellcasting
  4997 | D:5      | Reached skill level 5 in Stealth
  5366 | D:5      | Found a bloodstained altar of Trog.
  6089 | D:6      | Reached XP level 9. HP: 45/61 MP: 0/0
  6089 | D:6      | Learned a level 4 spell: Animate Armour
  6152 | D:6      | Reached skill level 6 in Spellcasting
  6263 | D:6      | Noticed Maggie
  6396 | D:6      | Found a runed translucent door.
  6397 | D:6      | Found a shimmering altar of Xom.
  6397 | D:6      | Noticed Nonny's ghost (amateur GrCA)
  6398 | D:6      | Noticed a +2 falchion of chaos
  6761 | D:7      | Found a large runed translucent door.
  6761 | D:7      | Found a large runed translucent door.
  6939 | D:7      | Noticed a hornet
  6947 | D:7      | Killed a hornet
  7199 | D:7      | Reached skill level 7 in Spellcasting
  7329 | D:7      | Noticed NitroDragon903's ghost (novice GnSu)
  7502 | D:7      | Reached skill level 5 in Fighting
  7905 | D:7      | Identified the +0 pair of gloves "Ireuh" {Dex+6}
  8055 | D:8      | Reached XP level 10. HP: 36/70 MP: 0/0
  8164 | D:8      | Found a broken altar of Ashenzari.
  8187 | D:8      | Became a worshipper of Ashenzari the Shackled
  8467 | D:8      | Reached skill level 8 in Spellcasting
  9529 | D:8      | Found a faded altar of an unknown god.
  9530 | D:8      | Found a hazy altar of Hepliaklqana.
  9892 | D:9      | Reached skill level 9 in Spellcasting
 10806 | D:9      | Reached XP level 11. HP: 31/79 MP: 0/0
 10806 | D:9      | Learned a level 5 spell: Arcjolt
 11279 | D:10     | Entered Level 10 of the Dungeon
 11751 | D:10     | Found a staircase to the Lair.
 12015 | D:10     | Reached skill level 10 in Spellcasting
 12194 | D:10     | Found a shadowy altar of Dithmenos.
 12194 | D:10     | Found a snail-covered altar of Cheibriados.
 12195 | D:10     | Found a glowing golden altar of the Shining One.
 12234 | D:10     | Noticed Grum
 12248 | D:10     | Killed Grum
 12454 | D:10     | Noticed a lindwurm
 12474 | D:10     | Noticed a skyshark
 13070 | D:11     | Noticed Nergalle
 13347 | D:11     | Found a hide-covered altar of Uskayaw.
 13363 | D:11     | Found Hiat's Weapon Boutique.
 13368 | D:11     | Found a portal to a secret trove of treasure.
 13368 | D:11     | Noticed Harold
 13384 | D:11     | Killed Harold
 14023 | D:11     | Reached XP level 12. HP: 67/90 MP: 0/0
 14308 | D:11     | Killed Nergalle
 14655 | D:11     | Found a staircase to the Orcish Mines.
 14987 | D:12     | Found a transporter.
 15008 | D:12     | Noticed Cheops's ghost (journeyman OgIE)
 15022 | D:12     | Hit by a large rock thrown by a cyclops

Illustrated notes

Levels and vault maps discovered:
D:1:      dpeg_arrival_solitude, layout_basic
D:2:      minmay_skewed_foursquare, layout_loops_cross
D:3:      layout_basic, led_xom_imps, nicolae_wu_jian_wuxing_cycle,
          nicolae_ecumenical_oubliette, serial_glass, glass_columns_a,
          glass_columns_b, st_stairs_10, grunt_decor_fettered
D:4:      layout_loops_ring, makhleb_blood_cavern_becter, jmf_multi_god_temple,
          minmay_temple_entry_slanted, kennysheep_diamond, minmay_misc_feat_x,
          minmay_crystal_room
D:5:      cheibrodos_thug_alley, layout_rooms, trog_book, grunt_decor_junction
D:6:      layout_loops_corners, vehumet_crystals, mainiacjoe_overflow_alcove_1,
          ebering_ghost_xom, uniq_maggie
D:7:      layout_rooms, ebering_ghost_disaster_area, minmay_fire_ice_demons
D:8:      layout_basic, lemuel_round_altar, beargit_hepliaklqana_dungeon_heroes,
          lightli_orcish_oven
D:9:      layout_roguey, grunt_decor_clamped, hive_lemuel
D:10:     layout_long_grid, gammafunk_temple_overflow_claw,
          erik_lair_orcish_takeover, chequers_serial_rivers_micro_d, uniq_grum
D:11:     layout_cave_pools, david_orc_4, enter_trove_2, serial_shops,
          nicolae_shop_peninsula, serial_bayou_pond_c,
          eat_drink_and_be_merry_uskayaw, uniq_harold, uniq_nergalle
D:12:     layout_irregular_city, nzn_ghost_randoct, minmay_lizard_king
Temple:   corrupted_temple

Skill      XL: |  1  2  3  4  5  6  7  8  9 10 11 12 |
---------------+-------------------------------------+-----
Stealth        | 2 3 4 5 6 7 |  7.5
Dodging        | 3 4 5 6 7 |  7.2
Spellcasting   | 4 5 7 9 10 | 10.6
Fighting       | 1 3 5 7 9 |  9.3

Action                     |  1- 3 |  4- 6 |  7- 9 | 10-12 || total
---------------------------+-------+-------+-------+-------++-------
  Melee: Staff             |       |     3 |     8 |     4 ||    15
         Punch             |       |       |     1 |     1 ||     2
   Cast: Magic Dart        |    26 |    68 |    82 |   103 ||   279
         Searing Ray       |     7 |    32 |    70 |    79 ||   188
         Shock             |     1 |       |     2 |     2 ||     5
         Scorch            |       |     1 |       |    12 ||    13
         Confusing Touch   |       |       |     1 |       ||     1
         Fulminant Prism   |       |       |    10 |    55 ||    65
         Animate Armour    |       |       |       |    14 ||    14
         Iskenderun's Myst |       |       |       |     7 ||     7
         Arcjolt           |       |       |       |     2 ||     2
 Invoke: Curse Item        |       |       |       |     1 ||     1
    Use: Scroll            |       |       |     9 |       ||     9
 Armour: Robe              |       |     7 |     8 |       ||    15
         Steam dragon scal |       |       |       |    32 ||    32
  Dodge: Dodged            |     4 |    12 |    45 |    72 ||   133
